 Dungeon Crawl Stone Soup version 0.31-a0-188-g5e087ee2ca (webtiles) character file.

Game seed: 1425558552761411093

105 qw the Shooter (level 4, -3/25 HPs)
             Began as a Deep Elf Hunter on June 23, 2023.
             Slain by a gnoll
             ... wielding a +0 spear
              (5 damage)
             ... on level 3 of the Dungeon.
             The game lasted 00:00:46 (1730 turns).

qw the Shooter (Deep Elf Hunter)                    Turns: 1730, Time: 00:00:47

Health: -3/25      AC:  8    Str:  8 (10) XL:     4   Next: 54%
Magic:  6/6        EV:  8    Int: 13 (14) God:
Gold:   108        SH:  0    Dex: 16 (18) Spells: 3/3 levels left

rFire   . . .        Y - +0 shortbow
rCold   . . .        (shield currently unavailable)
rNeg    . . .        d - +0 scale mail
rPois   .            o - +0 helmet
rElec   .            (no cloak)
rCorr   .            h - +0 pair of gloves
SInv    .            (no boots)
Will    .....        (no amulet) Stlth
                     (no ring)
HPRegen 0.24/turn    (no ring)
MPRegen 0.10/turn

%: no passive effects
@: no status effects
A: no striking features
a: no special abilities


You were on level 3 of the Dungeon.
You visited 1 branch of the dungeon, and saw 3 of its levels.

You collected 108 gold pieces.


   Skills:
 - Level 1.5 Fighting
 + Level 7.6 Ranged Weapons
 - Level 1.0 Armour
 - Level 2.4 Dodging
 - Level 1.2 Stealth


You had 3 spell levels left.
You didn't know any spells.
Your spell library was empty.

Inventory:

Hand Weapons
 Y - a +0 shortbow (weapon)
Armour
 d - a +0 scale mail (worn)
 h - a +0 pair of gloves (worn)
 o - a +0 helmet (worn)
Scrolls
 c - a scroll of revelation {unknown}
 f - a scroll of vulnerability {unknown}
Potions
 a - a potion of might {unknown}
 b - 3 potions of curing
 g - a potion of enlightenment {unknown}

Dungeon Overview and Level Annotations

Branches:
Dungeon (3/15)

Altars:

Shops:
D:1 :


Message History

You feel your intelligence returning.
You shoot an arrow.
The arrow hits the gnoll but does no damage.
The gnoll is moderately wounded.
The gnoll closely misses you. The gnoll hits you but does no damage.
The gnoll hits you from afar with a +0 spear.
The gnoll hits you with a +0 whip.
You shoot an arrow. The arrow closely misses the gnoll.
The arrow hits the gnoll but does no damage.
The gnoll barely misses you.
The gnoll hits you from afar with a +0 spear.
You shoot an arrow. The arrow hits the gnoll.
The gnoll is moderately wounded.
The gnoll hits you from afar with a +0 spear.
The gnoll hits you but does no damage.
You shoot an arrow. The arrow closely misses the gnoll. x2
The gnoll barely misses you.
The gnoll hits you from afar with a +0 spear!
The gnoll hits you but does no damage. The gnoll barely misses you.
1726 ||| DRINKING potion of heal wounds.
You feel much better. The gnoll hits you with a +0 whip.
The gnoll closely misses you.
You shoot an arrow. The arrow completely misses the gnoll.
The arrow hits the gnoll but does no damage.
The gnoll hits you with a +0 whip.
The gnoll hits you from afar with a +0 spear.
You shoot an arrow. The arrow hits the gnoll.
The gnoll is almost dead.
The gnoll hits you but does no damage.
The gnoll hits you from afar with a +0 spear.
You shoot an arrow. The arrow closely misses the gnoll.
The arrow hits the gnoll!
The gnoll is heavily wounded.
The gnoll hits you with a +0 whip. The gnoll barely misses you.
The gnoll hits you from afar with a +0 spear.
The gnoll closely misses you.
You shoot an arrow. The arrow hits the gnoll.
You kill the gnoll!
The gnoll hits you from afar with a +0 spear.
You die...

##+###### #.......#
####.......# #
...........# # ###
###..%.....####
#..g####.............#
+...g@........[.......
#...####.#...........#
#.. #.#............ #.
#.#.#........#. #
#.#.########... #.#.#
###. #.#.# ## #.#.#
#.#


You could see 2 gnolls.

Vanquished Creatures
  2 gnolls (D:3)
  3 adders
  An ufetubus (D:2)
  2 worms (D:2)
  6 ball pythons
  A bat (D:1)
  7 endoplasms
  4 giant cockroaches (D:1)
  9 hobgoblins
  4 quokkas
  5 goblins
  2 kobolds (D:1)
  6 rats
52 creatures vanquished.

Notes
Turn   | Place    | Note
-------+----------+-------------------------------------------
     0 | D:1      | qw the Deep Elf Hunter began the quest for the Orb.
     0 | D:1      | Reached XP level 1. HP: 12/12 MP: 3/3
     0 | D:1      | 0 ||| qw: Version: 0.3-a-9-g12657ce
     0 | D:1      | 0 ||| qw: Game counter: 4201
     0 | D:1      | 0 ||| qw: Always use a shield: true
     0 | D:1      | 0 ||| qw: God list: Okawaru
     0 | D:1      | 0 ||| qw: Allow faded altars: false
     0 | D:1      | 0 ||| qw: Do Orc after D:15 true
     0 | D:1      | 0 ||| qw: Do second Lair branch before Depths: true
     0 | D:1      | 0 ||| qw: Lair rune preference: random
     0 | D:1      | 0 ||| qw: Plans: Normal
     0 | D:1      | 0 ||| PLANNING D:1-11
   100 | D:1      | Found Qazahise's Book Emporium.
   105 | D:1      | Reached XP level 2. HP: 16/16 MP: 4/4
   129 | D:1      | Reached skill level 6 in Ranged Weapons
   375 | D:1      | Reached XP level 3. HP: 20/20 MP: 5/5
   498 | D:1      | 498 ||| UPGRADING to +0 scale mail.
   508 | D:1      | 508 ||| DROPPING +0 leather armour.
   509 | D:1      | 509 ||| UPGRADING to +0 pair of gloves.
   514 | D:1      | 514 ||| UPGRADING to +0 helmet.
   519 | D:1      | 519 ||| DROPPING +1 hat.
   520 | D:1      | 520 ||| DROPPING ring of magical power.
   521 | D:1      | 521 ||| READING scroll labelled COXIOPN MUCIT.
   560 | D:1      | 560 ||| READING scroll labelled XAXTUXKETUC.
   565 | D:1      | 565 ||| READING scroll labelled IZXIHA LEIWK.
   566 | D:1      | 566 ||| READING scroll labelled POTEME VUFENLU.
   567 | D:1      | 567 ||| DRINKING 2 viscous sapphire potions.
   568 | D:1      | 568 ||| DRINKING 2 fizzy purple potions.
   569 | D:1      | 569 ||| DROPPING scroll of butterflies.
   570 | D:1      | 570 ||| DROPPING potion of brilliance.
   571 | D:1      | 571 ||| DROPPING potion of degeneration.
   585 | D:2      | 585 ||| STAIRDANCE
   790 | D:2      | Reached skill level 7 in Ranged Weapons
   856 | D:2      | HP: 2/20 [ufetubus (4)]
  1056 | D:2      | Reached skill level 1 in Armour
  1084 | D:2      | Reached XP level 4. HP: 16/25 MP: 6/6
  1465 | D:2      | 1465 ||| READING scroll labelled GYGGIL BAEKUS.
  1466 | D:2      | 1466 ||| READING scroll labelled VIKHOMMOEGG.
  1567 | D:2      | 1567 ||| DRINKING 2 coppery potions.
  1568 | D:2      | 1568 ||| DRINKING 2 viscous puce potions.
  1569 | D:2      | 1569 ||| DRINKING 2 fuming ruby potions.
  1570 | D:2      | 1570 ||| DROPPING potion of attraction.
  1725 | D:3      | HP: 4/25 [gnoll/+0 spear (7)]
  1726 | D:3      | 1726 ||| DRINKING potion of heal wounds.
  1730 | D:3      | Slain by a gnoll

Levels and vault maps discovered:
D:1:      dpeg_arrival_prison, layout_rooms, serial_shops, shop,
          minmay_misc_feat_square, serial_park_tiny_pond
D:2:      layout_basic, small_statue_intersection, kennysheep_minor_cross,
          st_stairs_2
D:3:      layout_basic

Skill      XL: |  1  2  3 |
---------------+----------+-----
Ranged Weapons | 6 7 |  7.6
Armour         | 1 |  1.0
Fighting       | |  1.5
Dodging        | |  2.4
Stealth        | |  1.2

Action                     |  1- 3 |  4- 6 || total
---------------------------+-------+-------++-------
   Fire: Shortbow          |   126 |    47 ||   173
    Use: Scroll            |     4 |     2 ||     6
         Potion            |     2 |     4 ||     6
 Armour: Leather armour    |     2 |       ||     2
         Scale mail        |    32 |    19 ||    51
  Dodge: Dodged            |    34 |    30 ||    64

Table legend:
 A = Non-vault XP
 B = Vault XP
 C = Vault XP percentage of total XP
 D = Non-vault monster count
 E = Vault monster count
 F = Vault count percentage of total count
                 A         B        C        D         E       F
            +---------+---------+-------+---------+---------+-------
      Total |     144 |      21 |  12.7 |      46 |       6 |  11.5
            +---------+---------+-------+---------+---------+-------
        D:1 |      43 |       5 |  10.4 |      23 |       4 |  14.8
        D:2 |      55 |      16 |  22.5 |      18 |       2 |  10.0
        D:3 |      46 |       0 |   0.0 |       5 |       0 |   0.0
            +---------+---------+-------+---------+---------+-------
